 Dungeon Crawl Stone Soup version 0.31.0-12-g77e489cdc1 (webtiles) character file.

Game seed: 14343700673782784624

1026 monsoonserge the Grappler (level 8, -4/51 HPs)
             Began as an Octopode Shapeshifter on Feb 22, 2024.
             Slain by a gnoll sergeant
             ... wielding a +0 trident
              (15 damage)
             ... on level 5 of the Dungeon.
             The game lasted 00:10:11 (4048 turns).

monsoonserge the Grappler (Octopode Shapeshifter)   Turns: 4048, Time: 00:10:11

Health: -4/51      AC:  1    Str: 15    XL:     8   Next: 23%
Magic:  17/17      EV: 13    Int: 18    God:
Gold:   85         SH:  0    Dex: 12    Spells: 7/7 levels left

rFire   . .          .
                       - Unarmed
rCold   . . .        (no shield)
rNeg    . . .        (helmet currently unavailable)
rPois   .            (no amulet)
rElec   .            u - +6 ring of intelligence
rCorr   +            A - ring of magical power
SInv    .            v - ring of resist corrosion
Will    .....        (no ring)
Stlth   +++          (no ring)
HPRegen 0.28/turn    (no ring)
MPRegen 0.15/turn    (no ring)
                     (no ring)

%: no passive effects
@: about to teleport, beast-form
A: beast (slay +2), almost no armour, amphibious, 8 rings, camouflage 1,
gelatinous body 1, (nimble swimmer 1), tentacles
a: Begin Untransformation


You were on level 5 of the Dungeon.
You were a hulking beast.
You visited 1 branch of the dungeon, and saw 5 of its levels.

You collected 277 gold pieces.
You spent 192 gold pieces at shops.

Inventory:

Missiles
 e - 19 poisoned darts (quivered)
 t - 4 boomerangs
Magical Staves
 n - a staff of earth
Jewellery
 u - a +6 ring of intelligence (left tentacle)
 v - a ring of resist corrosion (on tentacle)
 A - a ring of magical power (right tentacle)
Talismans
 b - a beast talisman
 c - a flux talisman
Wands
 a - a wand of digging (4)
Scrolls
 f - 2 scrolls of vulnerability {unknown}
 h - a scroll of brand weapon {unknown}
 i - 3 scrolls of teleportation
 k - a scroll of immolation {unknown}
 l - a scroll of noise {unknown}
 o - a scroll of fear {unknown}
 p - a scroll of enchant armour {unknown}
 q - a scroll of torment {unknown}
 s - 2 scrolls of identify {unknown}
 w - 2 scrolls of amnesia
 x - a scroll of poison {unknown}
 y - a scroll of revelation {unknown}
 B - a scroll of silence {unknown}
 C - a scroll of enchant weapon {unknown}
Potions
 d - a potion of berserk rage {unknown}
 g - 2 potions of magic {unknown}
 m - a potion of ambrosia
 r - 2 potions of enlightenment
 z - a potion of curing
 D - 2 potions of haste


   Skills:
 + Level 2.9 Fighting
 + Level 0.1 Throwing
 - Level 3.0 Dodging
 - Level 3.0 Stealth
 - Level 8.0 Unarmed Combat
 * Level 4.4 Shapeshifting


You had 7 spell levels left.
You didn't know any spells.
Your spell library contained the following spells:

 Spells                   Type           Power      Damage    Failure   Level
 Summon Small Mammal      Summ           0%         N/A       22%         1
 Call Canine Familiar     Summ           0%         N/A       54%         3
 Inner Flame              Hex/Fire       0%         N/A       54%         3
 Flame Wave               Conj/Fire      0%         2d4       91%         4
 Sticky Flame             Fire/Alch      0%         2d4       91%         4
 Summon Blazeheart Golem  Fire/Summ      0%         N/A       91%         4


Dungeon Overview and Level Annotations

Branches:
Dungeon (5/15)
 Temple: D:4-7

Altars:
Dithmenos
Fedhas
Okawaru
Sif Muna
Wu Jian

Shops:
D:4 !

Annotations:
D:4 Eustachio


Innate Abilities, Weirdness & Mutations

You are a hulking beast.
Your limbs bulge with bestial killing power. (Slay +2)
You cannot wear most types of armour.
You are amphibious.
You can wear up to eight rings at the same time.
Your skin changes colour to match your surroundings (Stealth+).
Your rubbery body absorbs attacks. (AC +1, EV +1)
((You are camouflaged when in or above water. (Stealth+)))
You have tentacles for arms and can constrict up to eight enemies at once.


Message History

The gnoll sergeant is moderately wounded.
The gnoll sergeant hits you with a +0 trident.
The gnoll hits you from afar with a +0 halberd!
You tentacle-slap the gnoll sergeant.
The gnoll sergeant is heavily wounded.
The gnoll sergeant hits you with a +0 trident!
* * * LOW HITPOINT WARNING * * *
The gnoll hits you from afar with a +0 spear!
* * * LOW HITPOINT WARNING * * *
The gnoll barely misses you.
You feel much better.
The gnoll sergeant hits you with a +0 trident!
The gnoll hits you from afar with a +0 spear.
The gnoll hits you from afar with a +0 halberd!
* * * LOW HITPOINT WARNING * * *
You feel much better. The gnoll barely misses you.
The gnoll hits you from afar with a +0 halberd.
You bump into the rock wall.
You feel less invigorated.
You feel less confused. The gnoll sergeant misses you.
The gnoll closely misses you.
The gnoll hits you from afar with a +0 halberd!
* * * LOW HITPOINT WARNING * * *
The gnoll hits you with a +0 flail.
* * * LOW HITPOINT WARNING * * *
Okay, then.
As you read the scroll of teleportation, it crumbles to dust.
You feel strangely unstable. The gnoll sergeant barely misses you.
The gnoll completely misses you. The gnoll barely misses you.
You feel better. The gnoll sergeant misses you.
The gnoll hits you from afar with a +0 spear!
* * * LOW HITPOINT WARNING * * *
The gnoll closely misses you. x2
You barely miss the gnoll sergeant. You grab the gnoll sergeant.
The gnoll sergeant is heavily wounded.
You constrict the gnoll sergeant, but do no damage.
You bludgeon the gnoll! You grab the gnoll.
The gnoll is severely wounded.
You constrict the gnoll sergeant. You constrict the gnoll.
The gnoll sergeant hits you with a +0 trident!
You die...

.# .# #....# .#
#....#.......# .#
....#.......#
.#############...#.......#
.......#...#.....#.......#
...........#.....#gg.....#
.....#.....#.....#ggg....#
.....#.....#....h#.......#
.....#.....#....ggg......#
.....#.....#.....#g......#
.....#.....#.....#.......#
...<.#...####....#.......#
...###...#########.......#
...#.....#.......#.......#
...#.....#.......#.......#
...#.....#.......#..†....#


You could see a gnoll sergeant and 3 gnolls.

Vanquished Creatures
  Menkaure (D:5)
  An ice beast (D:5)
  A centaur (D:5)
  4 scorpions
  A howler monkey (D:5)
  2 bombardier beetles (D:5)
  A hound (D:5)
  2 jellies
  An iguana (D:5)
  Natasha (thrice) (D:3)
  2 orc wizards
  2 adders
  7 gnolls
  2 dart slugs
  7 orcs
  6 ball pythons
  4 endoplasms
  3 giant cockroaches
  5 goblins
  5 hobgoblins
  8 jackals
  6 quokkas
  6 bats
  4 frilled lizards
  A kobold (D:1)
  A rat (D:1)
86 creatures vanquished.

Notes
Turn   | Place    | Note
-------+----------+-------------------------------------------
     0 | D:1      | monsoonserge the Octopode Shapeshifter began the quest for
                  | the Orb.
     0 | D:1      | Reached XP level 1. HP: 13/13 MP: 1/1
   237 | D:1      | Found a faded altar of an unknown god.
   245 | D:1      | Reached XP level 2. HP: 18/18 MP: 2/2
   803 | D:2      | Reached XP level 3. HP: 16/23 MP: 3/3
   892 | D:2      | Reached skill level 1 in Stealth
   923 | D:2      | Reached skill level 4 in Unarmed Combat
  1243 | D:2      | Reached XP level 4. HP: 28/28 MP: 4/4
  1572 | D:3      | Noticed Natasha
  1574 | D:3      | Killed Natasha
  1652 | D:3      | Noticed Natasha
  1657 | D:3      | Killed Natasha
  1658 | D:3      | Reached XP level 5. HP: 33/33 MP: 5/5
  1672 | D:3      | Found a shadowy altar of Dithmenos.
  1865 | D:3      | Noticed Natasha
  1869 | D:3      | Killed Natasha
  1870 | D:3      | Reached skill level 5 in Unarmed Combat
  1904 | D:3      | Found a blossoming altar of Fedhas.
  2112 | D:3      | Found a shimmering blue altar of Sif Muna.
  2723 | D:4      | Reached XP level 6. HP: 32/38 MP: 6/6
  2744 | D:4      | Noticed Eustachio
  2777 | D:5      | Entered Level 5 of the Dungeon
  2784 | D:5      | Reached skill level 6 in Unarmed Combat
  3076 | D:4      | Reached XP level 7. HP: 31/43 MP: 7/7
  3125 | D:4      | Found Vike's Distillery.
  3138 | D:4      | Bought a potion of heal wounds for 60 gold pieces
  3138 | D:4      | Bought a potion of degeneration for 12 gold pieces
  3138 | D:4      | Bought a potion of haste for 120 gold pieces
  3211 | D:4      | Identified the +1 short sword of Malaise {freeze, rC+ Will+
                  | SInv}
  3227 | D:4      | Reached skill level 7 in Unarmed Combat
  3522 | D:5      | Found an ornate altar of the Wu Jian Council.
  3522 | D:5      | Found an iron altar of Okawaru.
  3749 | D:5      | Reached skill level 8 in Unarmed Combat
  3891 | D:5      | Identified the +4 ring mail "Soywiz" {Harm}
  3897 | D:5      | Noticed Menkaure
  3905 | D:5      | Killed Menkaure
  3906 | D:5      | Reached XP level 8. HP: 38/51 MP: 8/8
  4041 | D:5      | HP: 2/51 [gnoll/+0 spear[a gnoll sergeant] (8)]
  4048 | D:5      | Slain by a gnoll sergeant

Illustrated notes

Levels and vault maps discovered:
D:1:      dpeg_arrival_prison, layout_rooms, basic_ecumenical_altar
D:2:      wad_woods_settlement, layout_basic
D:3:      layout_basic, lemuel_coloured_pillars_altar, fedhas_ov_isle_minmay,
          grunt_dithmenos_smoke, uniq_natasha
D:4:      kennysheep_spiral_hall, layout_cave_pools, serial_shops,
          nicolae_shop_behind_doors, minmay_misc_feat_secret_circle,
          uniq_eustachio
D:5:      layout_gridville, amethyst_overflow_temple_binary, uniq_menkaure

Skill      XL: |  1  2  3  4  5  6  7 |
---------------+----------------------+-----
Stealth        | 1 2 3 |  3.0
Unarmed Combat | 4 5 6 8 |  8.0
Dodging        | 3 |  3.0
Fighting       | 2 |  2.9
Shapeshifting  | 4 |  4.4
Throwing       | |  0.1

Action                     |  1- 3 |  4- 6 |  7- 9 || total
---------------------------+-------+-------+-------++-------
  Melee: Unarmed           |    70 |    65 |    55 ||   190
         Constrict         |    16 |    13 |    17 ||    46
         Tentacles         |     9 |    14 |     9 ||    32
         Punch             |     2 |     4 |     3 ||     9
  Throw: Dart              |       |     1 |       ||     1
    Use: Potion            |       |     2 |     5 ||     7
         Scroll            |       |     2 |     1 ||     3
   Stab: Sleeping          |     6 |     7 |     2 ||    15
         Distracted        |       |     1 |       ||     1
 Armour: Skin              |    34 |    22 |    40 ||    96
  Dodge: Dodged            |    62 |    20 |    37 ||   119
